 Dungeon Crawl Stone Soup version 0.27-a0-1500-g450c7e4133 (webtiles) character file.

Game seed: 6421948794817468593

454 gruber the Chiller (level 7, -6/36 HPs)
             Began as a Gargoyle Ice Elementalist on July 7, 2021.
             Shot with an arrow by a centaur (10 damage)
             ... on level 5 of the Dungeon.
             The game lasted 00:07:23 (4214 turns).

gruber the Chiller (Gargoyle Ice Elementalist)      Turns: 4214, Time: 00:07:23

Health: -6/36      AC:  6    Str: 12    XL:     7   Next: 5%
Magic:  14/14      EV: 11    Int: 17    God:
Gold:   98         SH:  0    Dex: 10    Spells: 11/15 levels left

rFire    . . .     SeeInvis .   l - +0 flail
rCold    + . .     Faith    .   (no shield)
rNeg     + . .     Spirit   .   a - +0 robe
rPois    ∞         Reflect  .   (no helmet)
rElec    +         Harm     .   (no cloak)
rCorr    .         Rampage  .   (no gloves)
Will     .....                  (no boots)
Stlth    ++........             (no amulet)
HPRegen  0.12/turn              c - ring of protection from cold
MPRegen  0.14/turn              (no ring)

@: no status effects
A: sickness immunity, AC +4, negative energy resistance 1, electricity
resistance, torment resistance 1, petrification resistance
a: no special abilities


You were on level 5 of the Dungeon.
You visited 1 branch of the dungeon, and saw 5 of its levels.

You collected 98 gold pieces.

Inventory:

Hand Weapons
 l - a +0 flail (weapon)
Missiles
 m - 3 poisoned darts
Armour
 a - a +0 robe (worn)
 t - a +0 buckler
Jewellery
 c - a ring of protection from cold (left hand)
Wands
 q - a wand of polymorph (11)
Scrolls
 d - 3 scrolls of identify {unknown}
 f - a scroll of noise {unknown}
 g - a scroll of immolation {unknown}
 i - a scroll of fog {unknown}
 r - a scroll of enchant weapon {unknown}
 s - a scroll of amnesia {unknown}
Potions
 b - 3 potions of haste {unknown}
 e - a potion of attraction {unknown}
 h - a potion of invisibility {unknown}
 j - a potion of berserk rage {unknown}
 k - a potion of lignification {unknown}
 n - a potion of ambrosia {unknown}
 o - 3 potions of curing {unknown}
 p - a potion of heal wounds {unknown}


   Skills:
 - Level 1.5 Dodging
 - Level 2.1 Stealth
 + Level 4.9 Spellcasting
 + Level 6.5 Ice Magic


You had 11 spell levels left.
You knew the following spells:

 Your Spells              Type           Power      Damage    Failure   Level
a - Freeze                Ice            100%       1d11      1%          1
b - Frozen Ramparts       Ice            52%        1d7       3%          3

Your spell library contained the following spells:

 Spells                   Type           Power      Damage    Failure   Level
 Ozocubu's Armour         Ice            26%        N/A       3%          3
 Apportation              Tloc           8%         N/A       14%         1
 Hailstorm                Conj/Ice       15%        3d5       36%         4
 Alistair's Intoxication  Tmut/Pois      2%         N/A       99%         5
 Invisibility             Hex            2%         N/A       100%        6


Dungeon Overview and Level Annotations

Branches:
Dungeon (4/15)
 Temple: D:4-7

Altars:
Elyvilon
Hepliaklqana
Kikubaaqudgha
Yredelemnul
Beogh

Annotations:
D:3 3 runed translucent doors, Torious's ghost, amateur DECj


Innate Abilities, Weirdness & Mutations

You are immune to sickness and miasma.
Your stone body is resilient. (AC +4)
You are immune to poison.
You resist negative energy. (rN+)
You are resistant to electric shocks. (rElec)
You are resistant to unholy torment.
You are immune to petrification.


Message History

The white imp gestures at you. The puff of frost misses you.
You hit the white imp but do no damage.
The white imp is severely wounded.
The white imp hits you. The white imp freezes you. You resist.
The white imp hits you but does no damage.
You barely miss the white imp.
The white imp is severely wounded.
The white imp completely misses you.
You hit the white imp.
The white imp is almost dead.
The white imp gestures at you. The puff of frost hits you. You resist.
The white imp gestures at you. The puff of frost hits you. You resist.
You sock the white imp!
You kill the white imp!
No target in view!
No target in view!
You now have 98 gold pieces (gained 8).
Found a broad axe.
Found a buckler.
o - 3 fuming emerald potions (gained 1)
r - a scroll labelled ESIRHE YFUN IXUON
s - a scroll labelled JUSARISTREM Search for what [Enter for "mace", or ? for help]? buck You see here a +0 buckler.
t - a +0 buckler
Found a ring mail.
A centaur comes into view.
The centaur shouts!
The centaur wields a +0 shortbow.
The centaur shoots an arrow.
The arrow hits you!
The centaur shoots an arrow.
The arrow hits you!
The centaur shoots an arrow.
The arrow hits you!
The centaur shoots an arrow.
The arrow hits you!
* * * LOW HITPOINT WARNING * * *
You start resting.
The centaur shoots an arrow.
The arrow hits you!
You die...

#. #...## #... #.######....# ##..
#..........[## ##..
#............#######...
.####....##.............##
#........##.............#
.#.##...####............# .
#..#c###.............##
#..#....@.....#..##.....#
#...###.......##..##.....# .#.
###....###.......... ..# ###.##
#.......... #.# #..# #.........#
####.# #..###..........
.####....## #..##...........
..........########...#........#..
..................^..........####


You could see a centaur.

Vanquished Creatures
  A howler monkey (D:4)
  A bullfrog zombie (D:5)
  A hound (D:4)
  An orc priest (D:3)
  Terence (D:2)
  3 orc wizards
  Natasha (thrice) (D:2)
  3 gnolls (D:3)
  2 adders
  A white imp (D:5)
  An ufetubus (D:4)
  4 dart slugs
  5 orcs
  8 endoplasms
  2 giant cockroaches (D:2)
  7 hobgoblins
  8 jackals
  3 quokkas
  6 ball pythons
  11 bats
  2 frilled lizards (D:2)
  2 goblins (D:1)
  6 kobolds
  6 rats
88 creatures vanquished.

Vanquished Creatures (others)
  2 plants (D:5)
2 creatures vanquished.

Grand Total: 90 creatures vanquished

Notes
Turn   | Place    | Note
-------+----------+-------------------------------------------
     0 | D:1      | gruber the Gargoyle Ice Elementalist began the quest for
                  | the Orb.
     0 | D:1      | Reached XP level 1. HP: 10/10 MP: 3/3
    93 | D:1      | Found a faded altar of an unknown god.
    94 | D:1      | Noticed a shining eye
    95 | D:1      | Noticed a golden eye
    96 | D:1      | Noticed a great orb of eyes
    96 | D:1      | Noticed a shining eye
   360 | D:1      | Reached XP level 2. HP: 15/15 MP: 3/5
   765 | D:1      | Reached XP level 3. HP: 19/19 MP: 0/6
  1297 | D:2      | Learned a level 3 spell: Frozen Ramparts
  1647 | D:2      | Reached skill level 5 in Ice Magic
  1663 | D:2      | Reached XP level 4. HP: 24/24 MP: 8/8
  2066 | D:2      | Noticed Terence
  2071 | D:2      | Killed Terence
  2153 | D:2      | Noticed Natasha
  2156 | D:2      | Killed Natasha
  2157 | D:2      | Reached XP level 5. HP: 21/28 MP: 4/10
  2163 | D:2      | Noticed Natasha
  2178 | D:2      | Killed Natasha
  2329 | D:2      | Noticed Natasha
  2333 | D:2      | Killed Natasha
  3089 | D:3      | Reached XP level 6. HP: 32/32 MP: 5/12
  3251 | D:3      | Found a runed translucent gate.
  3251 | D:3      | Found a runed translucent gate.
  3251 | D:3      | Found a runed translucent gate.
  3348 | D:3      | Found a white marble altar of Elyvilon.
  3348 | D:3      | Found a basalt altar of Yredelemnul.
  3355 | D:3      | Found an ancient bone altar of Kikubaaqudgha.
  3357 | D:3      | Found a hazy altar of Hepliaklqana.
  3359 | D:3      | Found a faded altar of an unknown god.
  3423 | D:3      | Reached skill level 6 in Ice Magic
  3694 | D:3      | Noticed Torious's ghost (amateur DECj)
  3819 | D:4      | You fall into a shaft and drop 1 floor!
  3819 | D:5      | Entered Level 5 of the Dungeon
  3936 | D:5      | Reached XP level 7. HP: 31/36 MP: 12/14
  4214 | D:5      | Shot with an arrow by a centaur

Illustrated notes

Levels and vault maps discovered:
D:1:      co_arrival_random_square_maze, layout_loops_ring,
          hellmonk_ecumenical_altar_watching_god
D:2:      layout_basic, uniq_natasha, uniq_terence
D:3:      layout_rooms, chequers_temple_overflow_minitemple,
          biasface_ghost_orc_armoury, roderic_lattice_a,
          kennysheep_generic_room_7
D:4:      layout_rooms, pdpol_temple_overflow_zin_treasury_gozag_greed,
          serial_shops, shop, minivault_25
D:5:      layout_layer_cave, amcnicky_altar_gilded,
          minmay_temple_entry_gardened_gates

Skill      XL: |  1  2  3  4  5  6 |
---------------+-------------------+-----
Ice Magic      | 5 6 |  6.5
Spellcasting   | 3 4 |  4.9
Dodging        | |  1.5
Stealth        | |  2.1

Action                   |  1- 3 |  4- 6 |  7- 9 || total
-------------------------+-------+-------+-------++-------
Melee: Unarmed           |    23 |       |       ||    23
       Rapier            |    39 |    33 |       ||    72
       Flail             |       |    30 |     5 ||    35
 Cast: Freeze            |    45 |    39 |       ||    84
       Frozen Ramparts   |     1 |    14 |       ||    15
 Stab: Sleeping          |       |     1 |       ||     1
Armor: Robe              |    53 |    50 |     1 ||   104
Dodge: Dodged            |    70 |    73 |     4 ||   147

Table legend: (Time is in decaauts)
 A = Elapsed time spent in this place.
 B = Non-inter-level travel time spent in this place.
 C = Inter-level travel time spent in this place.
 D = Time resting spent in this place.
 E = Time spent auto-exploring this place.
 F = Levels seen in this place.
 G = Mean time per level.
                   A        B        C        D        E       F      G
               +--------+--------+--------+--------+--------+-----+--------+
         Total |   4241 |   4100 |    141 |     69 |   3363 |   5 |  848.2 |
       Dungeon |   4241 |   4100 |    141 |     69 |   3363 |   5 |  848.2 |
               +--------+--------+--------+--------+--------+-----+--------+

Top non-repeatable levels by time:
     D:2: 1503 daAuts
     D:1: 1241 daAuts
     D:3: 1017 daAuts
     D:5: 401 daAuts
     D:4: 78 daAuts
